 Dungeon Crawl Stone Soup version 0.29-a0-422-gafbd6decc1 (webtiles) character file.

Game seed: 4278725782398637741

49 quokkamancerX the Digger (level 3, -1/19 HPs)
             Began as a Gargoyle Earth Elementalist on May 18, 2022.
             Slain by a gnoll
             ... wielding a +0 flail of holy wrath
              (8 damage)
             ... on level 2 of the Dungeon.
             The game lasted 00:08:03 (1843 turns).

quokkamancerX the Digger (GrEE)                     Turns: 1843, Time: 00:08:03

Health: -1/19      AC:  6    Str: 11    XL:     3   Next: 77%
Magic:  0/7        EV: 11    Int: 17    God:
Gold:   74         SH:  0    Dex: 10    Spells: 6/7 levels left

rFire   . . .      SeeInvis .   k - +0 dagger
rCold   . . .      Faith    .   (no shield)
rNeg    + . .      Spirit   .   b - +0 robe
rPois   ∞          Reflect  .   (no helmet)
rElec   +          Harm     .   i - +0 cloak
rCorr   .          Rampage  .   (no gloves)
Will    .....                   (no boots)
Stlth   ++........              (no amulet)
HPRegen 0.06/turn               (no ring)
MPRegen 0.10/turn               (no ring)

@: no status effects
A: sickness immunity, AC +3, negative energy resistance 1, electricity
resistance, torment resistance 1, petrification resistance
a: no special abilities


You were on level 2 of the Dungeon.
You visited 1 branch of the dungeon, and saw 2 of its levels.

You collected 74 gold pieces.

Inventory:

Hand Weapons
 k - a +0 dagger (weapon)
Missiles
 a - 28 stones
Armour
 b - a +0 robe (worn)
 i - a +0 cloak (worn)
Scrolls
 d - a scroll of immolation
 e - a scroll of teleportation {unknown}
 g - a scroll of blinking {unknown}
 h - a scroll of fog {unknown}
 j - a scroll of enchant armour {unknown}
Potions
 c - a potion of magic
 f - 2 potions of heal wounds {unknown}


   Skills:
 - Level 1.5 Dodging
 + Level 3.2 Stealth
 + Level 2.6 Spellcasting
 - Level 0.7 Transmutations
 + Level 4.3 Earth Magic


You had 6 spell levels left.
You knew the following spells:

 Your Spells              Type           Power      Damage    Failure   Level
a - Sandblast             Erth           34%        2d9       3%          1

Your spell library contained the following spells:

 Spells                   Type           Power      Damage    Failure   Level
 Passwall                 Tmut/Erth      8%         N/A       10%         2
 Stone Arrow              Conj/Erth      18%        3d8       22%         3
 Petrify                  Tmut/Erth      10%        N/A       54%         4


Dungeon Overview and Level Annotations

Branches:
Dungeon (2/15)

Altars:

Shops:
D:2 :

Annotations:
D:2 Terence


Innate Abilities, Weirdness & Mutations

You are immune to sickness and miasma.
Your stone body is resilient. (AC +3)
You are immune to poison.
You resist negative energy. (rN+)
You are resistant to electric shocks. (rElec)
You are resistant to unholy torment.
You are immune to petrification.


Message History

A bat comes into view.
Aiming: Sandblast (safe; 3% risk of failure)
Press: ? - help, Q - select action, (/) - cycle Shift-Dir - straight line, f - gnoll
Aim: a gnoll, wielding a +0 flail (82% to hit)
The blast of sand hits the gnoll!
The gnoll is severely wounded.
You hear a shout!
A gnoll comes into view.
It is wielding a +0 flail of holy wrath.
You hear a shout!
Aiming: Sandblast (safe; 3% risk of failure)
Press: ? - help, Q - select action, (/) - cycle Shift-Dir - straight line, f/p - gnoll
Aim: a gnoll, wielding a +0 flail (severely wounded, 82% to hit)
The blast of sand hits the gnoll.
You kill the gnoll!
The bat closely misses you.
Aiming: Sandblast (safe; 3% risk of failure)
Press: ? - help, Q - select action, (/) - cycle Shift-Dir - straight line, f - bat
Aim: a bat (69% to hit)
The blast of sand hits the bat!
You kill the bat!
A gnoll comes into view. It is wielding a +0 club.
Aiming: Sandblast (safe; 3% risk of failure)
Press: ? - help, Q - select action, (/) - cycle Shift-Dir - straight line, f - gnoll
Aim: a gnoll, wielding a +0 flail of holy wrath (82% to hit)
The blast of sand hits the gnoll!
The gnoll is severely wounded.
The gnoll hits you with a +0 flail of holy wrath.
Aiming: Sandblast (safe; 3% risk of failure)
Press: ? - help, Q - select action, (/) - cycle Shift-Dir - straight line, f/p - gnoll
Aim: a gnoll, wielding a +0 flail of holy wrath (severely wounded, 82% to hit)
The blast of sand misses the gnoll.
The blast of sand hits the gnoll.
The gnoll is heavily wounded.
The gnoll hits you with a +0 flail of holy wrath.
Aiming: Sandblast (safe; 3% risk of failure)
Press: ? - help, Q - select action, (/) - cycle Shift-Dir - straight line, f/p - gnoll
Aim: a gnoll, wielding a +0 flail of holy wrath (severely wounded, 82% to hit)
The blast of sand misses the gnoll.
The gnoll hits you with a +0 club.
The gnoll hits you with a +0 flail of holy wrath!
You die...

........## #...........
.........# #.........#
..#.†....####........#
..##.......##........#
..###.##..>...####... #
.###...............###.#
.####...................
##....##.........g......
#..##.##.#####.#@g.....#
..##.....####..###...#..
..#...........## #....
.#.........#### ...
.#.........# ##
...........#
...........# .
..[.....)..# ...
.#........÷# ....


You could see 2 gnolls.

Vanquished Creatures
  A gnoll (D:2)
  An adder (D:2)
  4 ball pythons
  2 endoplasms (D:1)
  4 giant cockroaches (D:1)
  3 goblins
  4 hobgoblins
  3 quokkas
  2 bats
  2 frilled lizards (D:1)
  A rat (D:1)
27 creatures vanquished.

Notes
Turn   | Place    | Note
-------+----------+-------------------------------------------
     0 | D:1      | quokkamancerX the Gargoyle Earth Elementalist began the
                  | quest for the Orb.
     0 | D:1      | Reached XP level 1. HP: 10/10 MP: 3/3
   206 | D:1      | Reached XP level 2. HP: 6/15 MP: 3/5
   832 | D:1      | Reached skill level 4 in Earth Magic
  1438 | D:2      | Reached XP level 3. HP: 19/19 MP: 6/6
  1439 | D:2      | Noticed Terence
  1507 | D:2      | Found Zisaxian's Book Shoppe.
  1843 | D:2      | Slain by a gnoll

Illustrated notes

Levels and vault maps discovered:
D:1:      dpeg_arrival_stonehenge_12_columns, layout_basic
D:2:      layout_rooms, serial_shops, shop, uniq_terence

Skill      XL: |  1  2  3 |
---------------+----------+-----
Earth Magic    | 4 |  4.3
Stealth        | 3 |  3.2
Dodging        | |  1.5
Spellcasting   | |  2.6
Transmutations | |  0.7

Action                   || total
-------------------------++-------
Melee: Unarmed           ||    13
       Club              ||    59
       Dagger            ||     9
 Cast: Sandblast         ||    20
  Use: Scroll            ||     1
 Stab: Sleeping          ||     2
Armor: Robe              ||    32
Dodge: Dodged            ||    70

Table legend: (Time is in decaauts)
 A = Elapsed time spent in this place.
 B = Non-inter-level travel time spent in this place.
 C = Inter-level travel time spent in this place.
 D = Time resting spent in this place.
 E = Time spent auto-exploring this place.
 F = Levels seen in this place.
 G = Mean time per level.
                   A        B        C        D        E       F      G
               +--------+--------+--------+--------+--------+-----+--------+
         Total |   1861 |   1793 |     68 |    734 |    327 |   2 |  930.5 |
       Dungeon |   1861 |   1793 |     68 |    734 |    327 |   2 |  930.5 |
               +--------+--------+--------+--------+--------+-----+--------+

Top non-repeatable levels by time:
     D:1: 1496 daAuts
     D:2: 364 daAuts
